Cogmind - Beta 9.6 @@@ ROGUE MODE // 2020.08.09 @ 20:55:07 Player: Alexbot Result: Self-destructed Performance ------------- Evolutions (3) 1500 Regions Visited (7) 1400 Robots Destroyed (12) 60 Value Destroyed (549) 549 Prototype IDs (25) 500 Alien Tech Used (0) 0 Bonus (300) 300 TOTAL SCORE: 4309 Bonus ------- Aligned with FarCom 300 Cogmind --------- Core Integrity 631/700 Matter 283/300 Energy 100/100 System Corruption 17% Temperature Cool (0) Movement Core (800) Ox15 Location -7/Waste Parts ------- > --- POWER (1) -------- (None) > --- PROPULSION (2) --- (None) > --- UTILITY (8) ------ Large Storage Unit High-capacity Storage Unit > --- WEAPON (2) ------- (None) > --- INVENTORY (18) --- Light Deuterium Engine Superbattery (2000) Advanced Terrain Scan Processor Improved Salvage Targeting Computer Improved Propulsion Shielding Improved Weapon Shielding Advanced Hacking Suite Improved Trap Extractor PSU Rigger Gatling Laser Gauss Cannon Remote Datajack Greatsword Deploy-a-Sentry Deploy-a-Sentry Deploy-a-Sentry Peak State ------------ > --- POWER ------------ Improved Ion Engine > --- PROPULSION ------- Light Treads Armored Treads > --- UTILITY ---------- Improved Heat Sink Large Storage Unit High-capacity Storage Unit Weapon Cycler Weapon Cycler Medium Reactive Plating Medium Reactive Plating Powered Armor > --- WEAPON ----------- Greatsword > --- INVENTORY -------- Light Deuterium Engine Light Treads Superbattery Advanced Terrain Scan Processor Improved Propulsion Shielding Improved Weapon Shielding Improved Trap Extractor PSU Rigger Gatling Laser Gauss Cannon Remote Datajack Greatsword Greatsword Deploy-a-Sentry Deploy-a-Sentry Deploy-a-Sentry [Rating: 47] Favorites ----------- Power Light Ion Engine Engine Light Ion Engine Propulsion Light Treads Treads Light Treads Leg Aluminum Leg Hover Unit Aerolev Unit Utility High-capacity Storage Unit Device Weapon Cycler Storage High-capacity Storage Unit Processor Advanced Visual Processing Unit Protection Medium Reactive Plating Weapon Light Assault Rifle Energy Cannon Heavy Particle Cannon Ballistic Gun Light Assault Rifle Slashing Weapon Greatsword Build | -11 -10 -10 -10 -9 -8 -7 -7 ------- Run | Scr Mat Min Exi Min Mat Fac Was Slots Evolved 6 | . . . . . 4 2 . Power . | . . . . . . . . Propulsion . | . . . . . . . . Utility 6 | . . . . . 4 2 . Weapon . | . . . . . . . . Parts Attached 29 | . . 1 . . 17 11 . Power 2 | . . . . . 2 . . Engine 2 | . . . . . 2 . . Core . | . . . . . . . . Reactor . | . . . . . . . . Propulsion 9 | . . . . . 6 3 . Treads 5 | . . . . . 3 2 . Leg 3 | . . . . . 3 . . Wheel . | . . . . . . . . Hover 1 | . . . . . . 1 . Flight . | . . . . . . . . Utility 14 | . . 1 . . 6 7 . Device 5 | . . . . . 2 3 . Storage 3 | . . 1 . . 1 1 . Processor 1 | . . . . . 1 . . Hackware . | . . . . . . . . Protection 5 | . . . . . 2 3 . Artifact . | . . . . . . . . Weapon 4 | . . . . . 3 1 . Energy Gun . | . . . . . . . . Energy Cannon 1 | . . . . . 1 . . Ballistic Gun 1 | . . . . . 1 . . Ballistic Cannon . | . . . . . . . . Launcher . | . . . . . . . . Special Weapon . | . . . . . . . . Impact Weapon . | . . . . . . . . Slashing Weapon 2 | . . . . . 1 1 . Piercing Weapon . | . . . . . . . . Special Melee Weapon . | . . . . . . . . Unidentified Prototypes 3 | . . . . . 2 1 . Parts Lost 9 | . . . . . 3 1 5 Power 2 | . . . . . 1 . 1 Propulsion . | . . . . . . . . Utility 6 | . . . . . 1 1 4 Weapon 1 | . . . . . 1 . . Highest Loss Streak 5 | . . . . . 1 1 5 Average Slot Usage (%) 92 | . 85 97 100 100 88 90 83 Engine 10 | . 14 14 14 14 8 7 6 Treads 8 | . . . . . 12 15 14 Leg 12 | . 28 28 28 28 5 . . Device 7 | . . . . . 5 16 22 Storage 23 | . 14 25 28 28 25 19 15 Processor 4 | . . . . . 8 6 . Protection 5 | . . . . . 3 14 18 Energy Cannon 1 | . . . . . 6 . . Ballistic Gun 14 | . 28 28 28 28 9 1 . Slashing Weapon 2 | . . . . . 1 7 6 Naked Turns . | . . . . . . . . Heaviest Build 113 | 9 9 41 41 41 74 113 113 Greatest Support 40 | 20 20 20 20 20 40 40 40 Greatest Overweight (x) 5 | . . 2 2 2 3 5 2 Average Overweight (x) 1 | . . 1 2 2 2 1 1 Largest Inventory Capacity 28 | . 6 14 14 14 20 28 18 Average Capacity 16 | . 6 12 14 14 19 19 18 Most Carried 20 | . 6 7 12 12 20 20 18 Average Carried 13 | . 6 6 9 12 15 18 17 Final Capacity 20 | 6 6 14 14 14 20 18 18 Final Carried 18 | 6 6 7 12 12 15 18 17 Class Distribution -------------------- 58% | Mutant 41% | Hauler-Mutant Dominant Class ---------------- Mutant | -10/Materials Mutant | -10/Mines Mutant | -10/Exiles Mutant | -9/Mines Hauler-Mutant | -8/Materials Hauler-Mutant | -7/Factory Mutant | -7/Waste Resources | -11 -10 -10 -10 -9 -8 -7 -7 ----------- Run | Scr Mat Min Exi Min Mat Fac Was Matter Collected 561 | 200 . 24 . 28 194 115 . Remotely . | . . . . . . . . Salvage Created 586 | . . 80 . . 319 187 . Parts 28 | . . 4 . . 16 8 . Haulers Intercepted . | . . . . . . . . Recyclers Shooed . | . . . . . . . . Parts Field Recycled . | . . . . . . . . Retrieved Matter . | . . . . . . . . Parts Self-Destructed . | . . . . . . . . Prevented . | . . . . . . . . Kills | -11 -10 -10 -10 -9 -8 -7 -7 ------- Run | Scr Mat Min Exi Min Mat Fac Was Combat Hostiles Destroyed 12 | . . 2 . . 6 4 . Melee 5 | . . . . . 1 4 . Guns 3 | . . 2 . . 1 . . Cannons 4 | . . . . . 4 . . Classes Destroyed 6 | . . 1 . . 2 3 . Swarmer 1 | . . . . . . 1 . Grunt 5 | . . 2 . . 2 1 . Brawler 1 | . . . . . . 1 . Duelist 1 | . . . . . 1 . . Sentry 3 | . . . . . 3 . . Programmer 1 | . . . . . . 1 . Best Kill Streak 3 | . . 2 . . 3 2 . Combat Bots Only 3 | . . 2 . . 3 2 . Max Kills in Single Turn 1 | . . 1 . . 1 1 . Gunslinging . | . . . . . . . . Exploded . | . . . . . . . . Melee 1 | . . . . . 1 1 . Uniques/NPCs Destroyed . | . . . . . . . . Combat | -11 -10 -10 -10 -9 -8 -7 -7 -------- Run | Scr Mat Min Exi Min Mat Fac Was Damage Taken 1159 | . . 106 . . 551 343 159 Core 170 | . . 13 . . 88 18 51 Absorbed by Shields . | . . . . . . . . Core Remaining (%) 92 | 100 . . . 94 84 . . Volleys Fired 50 | . 3 9 . 9 29 . . Largest 2 | . 2 2 . 2 2 . . Hottest 100 | . 40 40 . 40 100 . . Shots Fired 83 | . 6 18 . 18 41 . . Gun 70 | . 6 18 . 18 28 . . Cannon 13 | . . . . . 13 . . Launcher . | . . . . . . . . Special . | . . . . . . . . Kinetic 70 | . 6 18 . 18 28 . . Thermal 13 | . . . . . 13 . . Explosive . | . . . . . . . . Electromagnetic . | . . . . . . . . Robot Hit Streak 10 | . 2 3 . 6 10 . . Robot Miss Streak 4 | . 3 2 . 4 3 . . Penetration Max . | . . . . . . . . Secondary Targets . | . . . . . . . . Shots Hit Robots 69 | . 2 12 . 11 31 13 . Core Hits 26 | . 1 5 . 4 11 5 . Critical Hits . | . . . . . . . . Critical Kills . | . . . . . . . . Critical Parts Destroyed . | . . . . . . . . Melee Attacks 22 | . . . . . 4 18 . Impact . | . . . . . . . . Slashing 22 | . . . . . 4 18 . Piercing . | . . . . . . . . Sneak Attacks . | . . . . . . . . Combat Hostiles . | . . . . . . . . Follow-up Attacks . | . . . . . . . . Damage Inflicted 1313 | . 16 86 . 85 550 576 . Guns 368 | . 16 86 . 85 181 . . Cannons 225 | . . . . . 225 . . Explosions . | . . . . . . . . Melee 720 | . . . . . 144 576 . Ramming . | . . . . . . . . Kinetic 368 | . 16 86 . 85 181 . . Thermal 225 | . . . . . 225 . . Explosive . | . . . . . . . . Electromagnetic . | . . . . . . . . Impact . | . . . . . . . . Slashing 720 | . . . . . 144 576 . Piercing . | . . . . . . . . Highest Corruption 17 | . . . . . . 7 17 Average Corruption 9 | . . . . . . 6 15 Corruption Purged . | . . . . . . . . Effects 10 | . . . . . . 6 4 Message Errors 4 | . . . . . . 3 1 Matter Fused 2 | . . . . . . . 2 Heat Flow Errors 2 | . . . . . . 2 . Parts Rejected 1 | . . . . . . . 1 Targeting Errors 1 | . . . . . . 1 . Overload Shots . | . . . . . . . . Overflow Damage 48 | . . . . . 33 15 . Projectiles . | . . . . . . . . Explosions . | . . . . . . . . Melee 48 | . . . . . 33 15 . Knockbacks . | . . . . . . . . Impact . | . . . . . . . . Kinetic . | . . . . . . . . Secondary . | . . . . . . . . Self-Inflicted Damage . | . . . . . . . . Shots . | . . . . . . . . Rammed . | . . . . . . . . Targets Rammed . | . . . . . . . . Kicked . | . . . . . . . . Crushed . | . . . . . . . . Highest Temperature 323 | . . 18 . . 323 230 . Average Temperature 95 | . . 10 . . 105 100 . Received Heat Transfer 288 | . . 63 . . 198 27 . Siege Activations . | . . . . . . . . Robots Corrupted . | . . . . . . . . Combat Hostiles . | . . . . . . . . Parts Fried . | . . . . . . . . Impact Corruptions . | . . . . . . . . Robots Melted . | . . . . . . . . Combat Hostiles . | . . . . . . . . Parts Melted 1 | . . . . . 1 . . Heat Transferred 333 | . . . . . 333 . . Parts Sabotaged . | . . . . . . . . Parts Stolen . | . . . . . . . . Parts Stripped . | . . . . . . . . Power Chain Reactions . | . . . . . . . . Missiles Intercepted . | . . . . . . . . Alert | -11 -10 -10 -10 -9 -8 -7 -7 ------- Run | Scr Mat Min Exi Min Mat Fac Was Peak Influence 136 | . 23 58 . . 136 95 33 Average Influence 23 | . 11 39 . . 38 11 28 Maximum Alert Level . | . . . . . . . . Low Security (%) 100 | . 100 100 . 100 100 100 100 Level 1 . | . . . . . . . . Level 2 . | . . . . . . . . Level 3 . | . . . . . . . . Level 4 . | . . . . . . . . Level 5 . | . . . . . . . . High Security . | . . . . . . . . Max Security . | . . . . . . . . Squads Dispatched 3 | . 1 . . . . 2 . Investigation 1 | . . . . . . 1 . Extermination 1 | . . . . . . 1 . Reinforcement 1 | . 1 . . . . . . Assault . | . . . . . . . . Garrison . | . . . . . . . . Intercept . | . . . . . . . . Construction Impeded . | . . . . . . . . Haulers Reinforced . | . . . . . . . . Stealth | -11 -10 -10 -10 -9 -8 -7 -7 --------- Run | Scr Mat Min Exi Min Mat Fac Was Distress Signals . | . . . . . . . . Communications Jammed . | . . . . . . . . Distress Signals . | . . . . . . . . Times Spotted 26 | . 3 2 . 2 9 5 5 Peak Tracking Total 5 | . 2 2 . 2 4 4 5 Tactical Retreats 2 | . . . . 1 1 . . Traps | -11 -10 -10 -10 -9 -8 -7 -7 ------- Run | Scr Mat Min Exi Min Mat Fac Was Traps Triggered 4 | . . . . . 2 2 . Indirectly . | . . . . . . . . Trap Hack Attempts . | . . . . . . . . Triggered . | . . . . . . . . Disarmed . | . . . . . . . . Reprogrammed . | . . . . . . . . Reused . | . . . . . . . . Traps Extracted . | . . . . . . . . Installed . | . . . . . . . . Triggered . | . . . . . . . . Machines | -11 -10 -10 -10 -9 -8 -7 -7 ---------- Run | Scr Mat Min Exi Min Mat Fac Was Machines Disabled 1 | . . . . . 1 . . Max in Single Turn 1 | . . . . . 1 . . Machines Sabotaged . | . . . . . . . . Garrisons Compromised . | . . . . . . . . Overloaded Fab Kills . | . . . . . . . . Fab Network Shutdowns . | . . . . . . . . Hacking | -11 -10 -10 -10 -9 -8 -7 -7 --------- Run | Scr Mat Min Exi Min Mat Fac Was Machines Accessed 10 | . 1 . 1 . 1 7 . Terminals 8 | . 1 . . . 1 6 . Fabricators . | . . . . . . . . Repair Stations 1 | . . . . . . 1 . Recycling Units . | . . . . . . . . Scanalyzers . | . . . . . . . . Garrison Access . | . . . . . . . . Total Hacks 20 | . 2 . 1 . 4 13 . Successful 7 | . 1 . 1 . 3 2 . Failed 13 | . 1 . . . 1 11 . Catastrophic 5 | . . . . . . 5 . Database Lockouts . | . . . . . . . . Manual 10 | . 2 . 1 . 1 6 . Terminals 18 | . 2 . . . 4 12 . Fabricators . | . . . . . . . . Repair Stations 1 | . . . . . . 1 . Recycling Units . | . . . . . . . . Scanalyzers . | . . . . . . . . Garrison Access . | . . . . . . . . Terminal Hacks 6 | . 1 . 1 . 3 1 . Branch Access Points 2 | . 1 . . . 1 . . Terminal Index 1 | . . . . . . 1 . Alert Level 1 | . . . . . 1 . . Hauler Manifests 1 | . . . . . 1 . . EX-Prototype ID Bank 1 | . . . 1 . . . . Fabricator Hacks . | . . . . . . . . Repair Station Hacks . | . . . . . . . . Recycling Unit Hacks . | . . . . . . . . Scanalyzer . | . . . . . . . . Garrison Access Hacks . | . . . . . . . . Unauthorized Hacks 1 | . . . . . . 1 . Terminals 1 | . . . . . . 1 . Botnet 1 | . . . . . . 1 . Fabricators . | . . . . . . . . Repair Stations . | . . . . . . . . Recycling Units . | . . . . . . . . Scanalyzers . | . . . . . . . . Garrison Access . | . . . . . . . . Data Cores Recovered . | . . . . . . . . Used . | . . . . . . . . Hacking Detections 8 | . 1 . . . . 7 . Full Trace Events 1 | . . . . . . 1 . Feedback Events 1 | . . . . . . 1 . Corruption 1 | . . . . . . 1 . Feedback Blocked . | . . . . . . . . Robot Schematics Acquired . | . . . . . . . . Robots Built . | . . . . . . . . Matter . | . . . . . . . . Time . | . . . . . . . . Total Robot Build Rating . | . . . . . . . . Part Schematics Acquired . | . . . . . . . . Parts Built . | . . . . . . . . Matter . | . . . . . . . . Time . | . . . . . . . . Total Part Build Rating . | . . . . . . . . Parts Repaired . | . . . . . . . . Time . | . . . . . . . . Parts Recycled . | . . . . . . . . Recycled Matter . | . . . . . . . . Retrieved Matter . | . . . . . . . . Retrieved Components . | . . . . . . . . Parts Scanalyzed . | . . . . . . . . Part Schematics Acquired . | . . . . . . . . Parts Damaged . | . . . . . . . . Bothacking | -11 -10 -10 -10 -9 -8 -7 -7 ------------ Run | Scr Mat Min Exi Min Mat Fac Was Used RIF Installer . | . . . . . . . . Robots Hacked . | . . . . . . . . Non-combat . | . . . . . . . . Combat . | . . . . . . . . Robot Hacks Applied . | . . . . . . . . Relay Couplers Released . | . . . . . . . . Robots Rewired . | . . . . . . . . Allies Hacked . | . . . . . . . . Hacks Repelled . | . . . . . . . . Allies | -11 -10 -10 -10 -9 -8 -7 -7 -------- Run | Scr Mat Min Exi Min Mat Fac Was Total Allies 2 | . . 2 . . . . . Largest Group 2 | . . 2 2 . . . . Highest-Rated Group 42 | . . 42 42 . . . . Highest-Rated Ally 31 | . . 31 31 . . . . Total Orders . | . . . . . . . . Ally Attacks . | . . . . . . . . Total Damage . | . . . . . . . . Kills . | . . . . . . . . Allies Corrupted . | . . . . . . . . Allies Melted . | . . . . . . . . Intel | -11 -10 -10 -10 -9 -8 -7 -7 ------- Run | Scr Mat Min Exi Min Mat Fac Was Robot Analysis Total . | . . . . . . . . Derelict Logs Recovered 2 | . . 1 . 1 . . . Drone Launches . | . . . . . . . . Drone Recoveries . | . . . . . . . . Exploration | -11 -10 -10 -10 -9 -8 -7 -7 ------------- Run | Scr Mat Min Exi Min Mat Fac Was Turns Passed 3381 | . 151 537 400 270 837 1104 82 Spaces Moved 1669 | 1 118 301 220 135 339 516 39 Core . | . . . . . . . . Treads 800 | . . . . . 245 516 39 Legs 869 | 1 118 301 220 135 94 . . Wheels . | . . . . . . . . Hover . | . . . . . . . . Flight . | . . . . . . . . Fastest Speed 120 | 120 120 120 180 180 150 180 185 Average Speed 185 | 120 120 169 180 180 208 195 205 Slowest Speed 260 | 120 120 180 180 180 220 260 210 Overloaded Moves . | . . . . . . . . Propulsion Burnouts . | . . . . . . . . Robots Hopped . | . . . . . . . . Cave-ins Triggered . | . . . . . . . . Exploration Rate (%) 38 | 2 24 74 62 41 35 16 53 Regions Visited 7 Branch Regions 3 Pre-discovered Areas 2 | . . 1 . 1 . . . Known Exits Taken 1 | . 1 . . . . . . Unknown Exits Taken 5 | 1 . 1 1 1 1 . . Scrap Searched . | . . . . . . . . Spaces Dug 1 | . . . . . . 1 . Terrain Destroyed 4 | . . . . . 3 1 . Melee 1 | . . . . . . 1 . Projectile 3 | . . . . . 3 . . AOE . | . . . . . . . . Actions | -11 -10 -10 -10 -9 -8 -7 -7 --------- Run | Scr Mat Min Exi Min Mat Fac Was Total 1858 | . 122 313 224 148 428 582 41 Wait 25 | . 2 2 . 5 16 . . Move 1663 | . 117 300 219 134 338 516 39 Hop . | . . . . . . . . Pick Up 32 | . . 1 5 . 10 15 1 Fast Attach 21 | . . 1 . . 11 9 . Attach 3 | . . . . . 2 1 . Detach 7 | . . . . . 3 4 . Swap 6 | . . . . . 5 1 . Drop 29 | . . . . . 10 18 1 Fire 50 | . 3 9 . 9 29 . . Melee 22 | . . . . . 4 18 . Ram . | . . . . . . . . Kick . | . . . . . . . . Crush . | . . . . . . . . Escape Stasis . | . . . . . . . . Rewire . | . . . . . . . . Trap . | . . . . . . . . Miscellaneous . | . . . . . . . . Route ------- -11/Scrapyard -10/Materials (discovered 2 exits: *Min x2) -10/Mines (discovered 2 exits: [*Mat] / *Exi) -10/Exiles -9/Mines -8/Materials -7/Factory -7/Waste History --------- Turn | Location | Event 1 | -11/Scrapyard | Discovered new exit (range 0) 1 | -11/Scrapyard | Entered Materials 45 | -10/Materials | Identified exit to Mines 152 | -10/Materials | Entered Mines 154 | -10/Mines | Found a hidden stash of uninstalled traps 316 | -10/Mines | Build established: Mutant 331 | -10/Mines | Learned location of Zion (-7) 442 | -10/Mines | Discovered new exit (range 7) 680 | -10/Mines | Deemed a non-threat by the Exiles lab entrance 680 | -10/Mines | Discovered new exit (range 5) 689 | -10/Mines | Entered Exiles 689 | -10/Exiles | Accompanied by 2 allies 719 | -10/Exiles | Led the pair of lost Derelicts to a safe place 733 | -10/Exiles | Met 8R-AWN 763 | -10/Exiles | Met EX-HEX 814 | -10/Exiles | Met EX-BIN 835 | -10/Exiles | Aligned with FarCom system 837 | -10/Exiles | Given EX-Vault access code 882 | -10/Exiles | Opened EX-Vault 891 | -10/Exiles | Found PSU Rigger 896 | -10/Exiles | Found Superbattery 900 | -10/Exiles | Found Deploy-a-Sentry 903 | -10/Exiles | Found Deploy-a-Sentry 906 | -10/Exiles | Found Deploy-a-Sentry 939 | -10/Exiles | Warned to stay clear of 0b10 Research branches 993 | -10/Exiles | Met EX-DEC 1067 | -10/Exiles | Discovered new exit (range 14) 1089 | -10/Exiles | Stole three prototypes: Superbattery, PSU Rigger, Deploy-a-Sentry 1089 | -10/Exiles | Entered Mines 1130 | -9/Mines | Met a Derelict bent on vengeance 1325 | -9/Mines | Discovered new exit (range 14) 1359 | -9/Mines | Entered Materials 1359 | -8/Materials | Evolved 4 slots: Utility x4 1727 | -8/Materials | Build established: Hauler-Mutant 2160 | -8/Materials | Discovered new exit (range 14) 2196 | -8/Materials | Entered Factory 2196 | -7/Factory | Evolved 2 slots: Utility x2 2198 | -7/Factory | FarCom data flow suspended 2696 | -7/Factory | Discovered new exit (range 19) 3021 | -7/Factory | Found Powered Armor 3135 | -7/Factory | Build established: Mutant 3300 | -7/Factory | Sucked down chute 3300 | -7/Factory | Entered Waste 3315 | -7/Waste | EMP discharged 3315 | -7/Waste | System corruption reached 10% 3327 | -7/Waste | Spotted C-40 Crusher 3357 | -7/Waste | Spotted C-40 Crusher 3367 | -7/Waste | Crushed by Compactor (1 part destroyed, 1 dropped) 3370 | -7/Waste | Crushed by Compactor (1 part destroyed) 3373 | -7/Waste | Crushed by Compactor (1 part destroyed, 2 dropped) 3376 | -7/Waste | Spotted C-40 Crusher 3381 | -7/Waste | Crushed by Compactor (1 part destroyed, 1 dropped) 3382 | -7/Waste | Self-destructed Last Messages --------------- LOCATION=UNKNOWN GOAL=ESCAPE 03305_ ALERT: Foreign system detected. Charging EMP. 03315_ Broken Imp. Remote Shield fried beyond repair. 03315_ System corrupted (+10). 03321_ System corrupted: Matter fused (-7). 03329_ Dropped Greatsword. 03332_ Acquired Adv. Hacking Suite. 03336_ IJP#K7 6H3G&KWM|WVSV8I2WP 03354_ System corrupted: Matter fused (-5). 03367_ Powered Armor crushed. 03367_ Med. Reactive Plating crushed. 03372_ System corrupted: Greatsword rejected. 03373_ Imp. Ion Engine crushed. 03373_ Lgt. Treads crushed. 03373_ Weapon Cycler crushed. 03374_ Med. Reactive Plating crushed. 03381_ Weapon Cycler crushed. 03381_ Arm. Treads crushed. 03381_ Imp. Heat Sink destroyed. Map ----- +----------------------------------------------------+ | ?????????????????????????????????????????????????? | | ?????????????????????????????????????????????????? | | ?????????????????????????????????????????????????? | | ?????????????????????????????????????????????????? | | ?????????????????????????????????????????????????? | | ?????????????????????????????????????????????????? | | #####???????####?????????????????????????????????? | | #??????# #????????????????????????????????? | | #??????# #??????? ?????????????????????? | | #??????# #??????? #????????????????????? | | #??????# #??????? #????????????????????? | | #??????# #####??# #????????????????????? | | #??????# ??? #????????????????????? | | ! #??????# ???? #????????????????????? | | #??????# ????? #????????????????????? | | #??????# ?????? #????????????????????? | | #??????# #??????# #????????????????????? | | #??????# #??????# #????????????????????? | | #??????# #??????# #????????????????????? | | / #??????# #??????# #????????????????????? | | ######## CC######## #????????????????????? | | /=! #????????????????????? | | #????????????????????? | | C CC #????????????????????? | | CC #????????????????????? | | ########! ######## @ #????????????????????? | | #??????# #??????# #????????????????????? | | #??????# #??????# #????????????????????? | | #??????# #??????# #????????????????????? | | #??????# #??????# CC#????????????????????? | | #??????# ?????? CC ????????????????????? | | #??????# ????? C???????????????????? | | #??????# ??? ??????????????????? | | ???????# ??? ??????????????????? | | ???????# ###???## ####?????????????????? | | ???????# #??????# #????????????????????? | | ? ???????? ???????# #????????????????????? | | ???????????????????????# #????????????????????? | | ???????????????????????? #????????????????????? | | ????????????????????????#####????????????????????? | | ?????????????????????????????????????????????????? | | ?????????????????????????????????????????????????? | | ?????????????????????????????????????????????????? | | ?????????????????????????????????????????????????? | | ?????????????????????????????????????????????????? | | ?????????????????????????????????????????????????? | | ?????????????????????????????????????????????????? | | ?????????????????????????????????????????????????? | | ?????????????????????????????????????????????????? | | ?????????????????????????????????????????????????? | +----------------------------------------------------+ Best States ------------- Heat Dissipation 48 Energy Generation 12 Energy Capacity 265 Matter Stores 300 Matter Capacity 300 Sight Range 20 Terrain Scan Density 10 Armor Coverage 850 Resistance: KI 30 Resistance: EM 15 Weapon Cycling 30 Evasion (%) 40 Recoil Reduction 2 Item Schematics ----------------- None Robot Schematics ------------------ None Fabricated ------------ Nothing Alien Tech Used ----------------- None Achievements -------------- None Challenges ------------ None Game ------ Seed BoreGravmagShotgun Manual? 0 Play Time 00:19:34 Cumulative 865.2 hours Start 2020.08.09 @ 17:07:49 End 2020.08.09 @ 20:55:07 Sessions 4 Manual Loads 0 Difficulty Rogue Special Mode None Game No. 274 Rogue 274 Adventurer 0 Explorer 0 Win Type - Total 52 Types 39/1/4/3/3/1/1 Lore% 97 Gallery% 99 Achievement% 97 Wizard Run 0 Options --------- ASCII 0 Keyboard 1 Movement Numpad Keybinds 0 Fullscreen 1 Font 18/SmallcapsGlow Map View 76x50 Tactical HUD 1 Map Filters NONE Filters NONE Steam 1 RUN: 2baa9fcc-fb27-4cfd-823d-bbee125f958a